 Dungeon Crawl Stone Soup version 0.32-a0-485-g70f7560b1c (webtiles) character file.

Game seed: 1762617203157669599

681 zenocrate the Chopper (level 7, 0/85 HPs)
             Began as a Minotaur Fighter on Feb 26, 2024.
             Slain by Natasha (1 damage)
             ... on level 3 of the Dungeon.
             The game lasted 00:02:51 (2561 turns).

zenocrate the Chopper (Minotaur Fighter)            Turns: 2561, Time: 00:02:51

Health: 0/85       AC: 23    Str: 22    XL:     7   Next: 34%
Magic:  6/6        EV:  2    Int:  4    God:
Gold:   121        SH:  0    Dex: 13    Spells: 6/6 levels left

rFire   . . .        a - +0 war axe
rCold   . . .        c - +0 buckler
rNeg    + . .        b - melded +0 scale mail
rPois   +            (helmet unavailable)
rElec   .            (cloak currently unavailable)
rCorr   .            (gloves currently unavailable)
SInv    .            (boots currently unavailable)
Will    .....        (no amulet)
Stlth   +            o - ring of positive energy
HPRegen 0.34/turn    (no ring)
MPRegen 0.10/turn

%: clarity
@: confused, lethally poisoned (0 -> -19), tree-form
A: stationary, stasis, torment immunity, boosted hp, (horns 3), (retaliatory
headbutt), (talons 1), agile 1, clarity
a: no special abilities


You were on level 3 of the Dungeon.
You were a tree.
You visited 1 branch of the dungeon, and saw 3 of its levels.
You also visited: Sewer.

You collected 121 gold pieces.

Inventory:

Hand Weapons
 a - a +0 war axe (weapon)
 r - a +0 hand cannon
Missiles
 f - 4 boomerangs
 k - 2 atropa-tipped darts
 q - 13 poisoned darts (quivered)
 s - 2 javelins
Armour
 b - a +0 scale mail (melded)
 c - a +0 buckler (worn)
Jewellery
 o - a ring of positive energy (left branch)
Scrolls
 e - a scroll of fear {unknown}
 j - a scroll of poison {unknown}
 l - a scroll of immolation {unknown}
 n - 2 scrolls of identify {unknown}
 p - a scroll of enchant armour {unknown}
 t - a scroll of butterflies {unknown}
 u - a scroll of teleportation {unknown}
Potions
 d - a potion of might
 g - a potion of curing {unknown}
 h - a potion of mutation
 i - a potion of brilliance {unknown}
 m - a potion of lignification
 v - 2 potions of attraction {unknown}
 w - a potion of heal wounds {unknown}


   Skills:
 - Level 3.6 Fighting
 + Level 7.5 Axes
 - Level 4.0 Throwing
 + Level 3.9 Armour
 - Level 3.2 Dodging
 - Level 3.6 Shields


You had 6 spell levels left.
You didn't know any spells.
Your spell library was empty.

Dungeon Overview and Level Annotations

Branches:
Dungeon (3/15)              Sewer (visited)

Altars:
Ashenzari
Fedhas
Makhleb

Annotations:
D:3 Natasha


Innate Abilities, Weirdness & Mutations

You are a tree.
Your roots penetrate the ground, keeping you stationary.
You cannot be teleported.
You are immune to unholy pain and torment.
Your maximum health is greatly increased.
Your equipment is partially melded.
((You have a pair of large horns on your head.))
((You reflexively headbutt those who attack you in melee.))
((You have sharp toenails.))
You are agile. (Dex +4, Str/Int -1)
You possess an exceptional clarity of mind.


Message History

You feel very sick.
The cerulean imp hits you but does no damage.
You hear some strange, mumbled words.
You are confused.
Natasha claws you but does no damage. The cerulean imp misses you.
You closely miss something. Your headbutt misses something. You miss Natasha.
You feel very sick.
You hear some strange, mumbled words.
A puff of flame appears from out of thin air!
The puff of flame hits you!
The cerulean imp hits you but does no damage.
Natasha claws you. The cerulean imp closely misses you.
You feel sick. Something hits you.
* * * LOW HITPOINT WARNING * * *
You are lethally poisoned!
Natasha mumbles some strange words.
The cerulean imp hits you but does no damage.
Unknown command.
Unknown command.
It was a potion of mutation.
You feel extremely strange.
Your thoughts seem clearer.
You feel agile. The horns on your head grow some more.
Your toenails lengthen and sharpen.
* * * LOW HITPOINT WARNING * * *
You feel very sick. The cerulean imp barely misses you.
Something hits you but does no damage.
You are more poisoned.
The cerulean imp hits you from afar with a +1 spear.
* * * LOW HITPOINT WARNING * * *
The cerulean imp hits you from afar with a +1 spear.
* * * LOW HITPOINT WARNING * * *
It was a potion of lignification.
You turn into a tree.
Your +0 scale mail melds into your body.
Your roots penetrate the ground.
* * * LOW HITPOINT WARNING * * *
You feel very sick.
The cerulean imp hits you from afar with a +0 spear.
* * * LOW HITPOINT WARNING * * *
Something hits you but does no damage. Natasha claws you.
You die...
Natasha begins licking her fur clean.

#...... ... #......
..... #......
.....#######....?.
................
#...........#
#...........#
#.......?5.♣#
######........5h{#
.....#.........)5#######
.....###.....###........
.....#...._..# #).......
.[...#..._ß..###........
.........._...##........
..............##........
#####.........##........


You could see Natasha and 3 cerulean imps.

Vanquished Creatures
  Grinder (D:3)
  Pargi (Sewer)
  2 kobold brigands
  A jelly (Sewer)
  Terence (D:3)
  7 adders
  6 river rats (D:3)
  A dart slug (D:2)
  2 ribbon worms (D:3)
  3 orcs (D:3)
  4 bats
  3 endoplasms (D:2)
  5 goblins
  5 hobgoblins
  4 jackals (D:1)
  9 kobolds
  5 quokkas
  8 ball pythons
  4 frilled lizards
  11 rats
83 creatures vanquished.

Notes
Turn   | Place    | Note
-------+----------+-------------------------------------------
     0 | D:1      | zenocrate the Minotaur Fighter began the quest for the Orb.
     0 | D:1      | Reached XP level 1. HP: 19/19 MP: 0/0
    74 | D:1      | Reached skill level 3 in Axes
    78 | D:1      | Reached XP level 2. HP: 25/26 MP: 1/1
   248 | D:1      | Reached skill level 1 in Dodging
   558 | D:1      | Reached XP level 3. HP: 28/31 MP: 2/2
   615 | D:1      | Found a faded altar of an unknown god.
   615 | D:1      | Noticed a sun demon
   667 | D:2      | Reached skill level 4 in Axes
  1075 | D:2      | Reached XP level 4. HP: 35/39 MP: 3/3
  1467 | D:3      | Noticed a kobold brigand
  1477 | D:3      | Killed a kobold brigand
  1478 | D:3      | Reached skill level 5 in Axes
  1478 | D:3      | Reached XP level 5. HP: 30/45 MP: 4/4
  1753 | D:3      | Reached skill level 1 in Throwing
  1955 | D:3      | Found a glowing drain.
  1962 | Sewer    | Entered a sewer
  2056 | Sewer    | Reached XP level 6. HP: 47/51 MP: 5/5
  2084 | Sewer    | Noticed Pargi
  2096 | Sewer    | Killed Pargi
  2097 | Sewer    | Reached skill level 6 in Axes
  2400 | D:3      | Noticed Grinder
  2405 | D:3      | Paralysed by Grinder for 5 turns
  2413 | D:3      | Killed Grinder
  2414 | D:3      | Reached skill level 7 in Axes
  2414 | D:3      | Reached XP level 7. HP: 40/57 MP: 6/6
  2496 | D:3      | Found a blossoming altar of Fedhas.
  2496 | D:3      | Noticed Terence
  2508 | D:3      | Killed Terence
  2524 | D:3      | Found a burning altar of Makhleb.
  2525 | D:3      | Found a broken altar of Ashenzari.
  2546 | D:3      | Noticed Natasha
  2560 | D:3      | Gained mutation: You possess an exceptional clarity of
                  | mind. [potion of mutation]
  2560 | D:3      | Gained mutation: You are agile. (Dex +4, Str/Int -1)
                  | [potion of mutation]
  2560 | D:3      | Gained mutation: You have a pair of large horns on your
                  | head. [potion of mutation]
  2560 | D:3      | Gained mutation: You have sharp toenails. [potion of
                  | mutation]
  2561 | D:3      | HP: 2/85 [poisoned by an orc wizard]
  2561 | D:3      | Slain by Natasha

Illustrated notes

Levels and vault maps discovered:
D:1:      amcnicky_arrival_abandoned_market, layout_basic,
          dreamdust_ecumenical_altar_sealed_demon, minmay_surrounded
D:2:      layout_basic
D:3:      layout_basic, chequers_temple_overflow_statue_of_worship,
          lightli_sewer_entry_pipes, uniq_grinder, uniq_terence, uniq_natasha

Skill      XL: |  1  2  3  4  5  6 |
---------------+-------------------+-----
Axes           | 3 4 5 7 |  7.5
Dodging        | 1 2 3 |  3.2
Throwing       | 2 4 |  4.0
Fighting       | |  3.6
Armour         | |  3.9
Shields        | |  3.6

Action                     |  1- 3 |  4- 6 |  7- 9 || total
---------------------------+-------+-------+-------++-------
  Melee: War axe           |    74 |   121 |    23 ||   218
         Headbutt          |     8 |    16 |     1 ||    25
    Use: Scroll            |     1 |       |       ||     1
         Potion            |       |     1 |     2 ||     3
 Armour: Scale mail        |    50 |    83 |    33 ||   166
         Skin              |       |       |     3 ||     3
  Dodge: Dodged            |    32 |    65 |    19 ||   116
  Block: Buckler           |    21 |    35 |     5 ||    61

Table legend: (Time is in decaauts)
 A = Elapsed time spent in this place.
 B = Non-inter-level travel time spent in this place.
 C = Inter-level travel time spent in this place.
 D = Time resting spent in this place.
 E = Time spent auto-exploring this place.
 F = Levels seen in this place.
 G = Mean time per level.
                   A        B        C        D        E       F      G
               +--------+--------+--------+--------+--------+-----+--------+
         Total |   2657 |   2622 |     35 |      0 |   2012 |   4 |  664.2 |
       Dungeon |   2343 |   2308 |     35 |      0 |   1772 |   3 |  781.0 |
         Sewer |    313 |    313 |      0 |      0 |    240 |   1 |  313.0 |
               +--------+--------+--------+--------+--------+-----+--------+

Top non-repeatable levels by time:
     D:3: 862 daAuts
     D:2: 821 daAuts
     D:1: 659 daAuts
   Sewer: 313 daAuts
